 Dungeon Crawl Stone Soup version 0.28.0 (webtiles) character file.

Game seed: 2733495279676197927

78817 GrayStillPlays the Transmogrifier (level 15, -18/75 (77) HPs)
             Began as a Vine Stalker Fighter on Feb 12, 2022.
             Was an Initiate of Gozag.
             Demolished by an orc knight (35 damage)
             ... on level 2 of the Orcish Mines.
             The game lasted 01:22:23 (23965 turns).

GrayStillPlays the Transmogrifier (VSFi)           Turns: 23965, Time: 01:22:23

HP:   -18/75 (77)   AC: 17    Str: 20    XL:     15   Next: 61%
MP:   0/28          EV: 15    Int: 14    God:    Gozag
Gold: 4161          SH:  7    Dex: 16    Spells: 30/30 levels left

rFire   + + .      SeeInvis +   A - +12 broad axe of Division {vorpal, rElec Will+, axe}
rCold   + . .      Faith    .   w - +2 buckler
rNeg    . . .      Spirit   +   l - +3 scale mail of Calculation {rF++ rC+ rCorr SInv}
rPois   .          Reflect  .   (no helmet)
rElec   +          Harm     .   z - +2 cloak
rCorr   +          Rampage  .   a - +1 pair of gloves
Will    ++...                   D - +0 pair of boots "Maor" {rElec Dex+2}
Stlth   ..........              n - amulet of regeneration {@e2}
HPRegen 1.82/turn               E - ring of see invisible
MPRegen 0.21/turn               P - +4 ring of protection

@: corroded, gold aura, hasted, lightly drained, very quick
A: fangs 3, regeneration 1, magic shield, antimagic bite, no potion heal 2
a: Renounce Religion, Potion Petition, Call Merchant, Bribe Branch


You were on level 2 of the Orcish Mines.
You worshipped Gozag.
Gozag was most pleased with you.
You visited 4 branches of the dungeon, and saw 18 of its levels.
You also visited: Bailey.

You collected 6214 gold pieces.
You spent 351 gold pieces at shops.
You paid 1702 gold pieces to Gozag.


Innate Abilities, Weirdness & Mutations

You have razor-sharp teeth.
Your natural rate of healing is unusually fast.
When hurt, damage is shared between your health and your magic reserves.
Your bite disrupts and absorbs the magic of your enemies.
Potions cannot restore your health.


   Skills:
 - Level 8.3 Fighting
 - Level 2.0 Axes
 + Level 6.5 Armour
 + Level 11.4 Dodging
 - Level 4.0 Shields
 - Level 8.1 Spellcasting
 + Level 8.2 Conjurations
 + Level 13.9 Transmutations
 - Level 11.4 Earth Magic
 + Level 0.2 Evocations


You had 30 spell levels left.
You didn't know any spells.
Your spell library contained the following spells:

 Spells                   Type           Power      Damage    Failure   Level
 Stone Arrow              Conj/Erth      66%        3d11      2%          3
 Blade Hands              Tmut           22%        N/A       4%          5
 Animate Armour           Summ/Erth      42%        N/A       38%         4
 Summon Small Mammal      Summ           20%        N/A       41%         1
 Call Canine Familiar     Summ           5%         N/A       78%         3
 Portal Projectile        Hex/Tloc       10%        N/A       78%         3
 Summon Guardian Golem    Hex/Summ       5%         N/A       78%         3
 Excruciating Wounds      Necr           2%         N/A       100%        5
 Lehudib's Crystal Spear  Conj/Erth      16%        10d5      100%        8

Inventory:

Hand Weapons
 b - the +11 broad axe "Yloewet" {vorpal, *Corrode Fly rPois Str+4, axe}
   (You found it on level 7 of the Dungeon)

   It inflicts extra damage upon your enemies.
   Str:       It affects your strength (+4).
   rPois:     It protects you from poison.
   Fly:       It grants you flight.
   *Corrode:  It may corrode you when you take damage.
 c - the +2 hand axe "Jajoz" {spect, rC- Int+8 SInv Stlth+, axe}
   (You found it on level 3 of the Lair of Beasts)

   When its wielder attacks, the weapon's spirit leaps out and strikes again.
   The spirit shares a part of any damage it takes with its wielder.
   Int:       It affects your intelligence (+8).
   rC:        It makes you vulnerable to cold.
   SInv:      It lets you see invisible.
   Stlth:     It makes you more stealthy.
 A - the +12 broad axe of Division (weapon) {vorpal, rElec Will+, axe}
   (You acquired it on level 5 of the Lair of Beasts)

   It inflicts extra damage upon your enemies.
   rElec:     It insulates you from electricity.
   Will:      It increases your willpower.
 K - a +8 vorpal trident {polearm}
   (You took it off an orc in a bailey)
Missiles
 g - 4 curare-tipped darts (quivered) {=fthrowing}
 N - 17 poisoned darts {throwing}
Armour
 a - a +1 pair of gloves (worn)
   (You found it on level 9 of the Dungeon)
 l - the +3 scale mail of Calculation (worn) {rF++ rC+ rCorr SInv}
   (You found it on level 9 of the Dungeon)

   rF:        It greatly protects you from fire.
   rC:        It protects you from cold.
   SInv:      It lets you see invisible.
   rCorr:     It protects you from acid and corrosion.
 w - a +2 buckler (worn)
   (You found it on level 3 of the Dungeon)
 z - a +2 cloak (worn)
   (You found it on level 4 of the Dungeon)
 D - the +0 pair of boots "Maor" (worn) {rElec Dex+2}
   (You bought it in a shop on level 4 of the Lair of Beasts)

   Dex:       It affects your dexterity (+2).
   rElec:     It insulates you from electricity.
Magical Staves
 p - a staff of death {!astaff}
   (You found it on level 5 of the Lair of Beasts)
Jewellery
 h - an amulet of reflection
   (You found it on level 1 of the Dungeon)
 n - an amulet of regeneration (around neck) {@e2}
   (You found it on level 1 of the Dungeon)
 E - a ring of see invisible (left hand)
   (You found it on level 5 of the Dungeon)
 P - a +4 ring of protection (right hand)
   (You found it on level 8 of the Dungeon)
 Z - a +6 ring of dexterity
   (You found it on level 3 of the Lair of Beasts)
Wands
 x - a wand of flame (10)
   (You found it on level 9 of the Dungeon)
 y - a wand of digging (11)
   (You found it on level 4 of the Dungeon)
 M - a wand of iceblast (11)
   (You found it on level 7 of the Dungeon)
 Q - a wand of paralysis (5)
   (You found it on level 1 of the Lair of Beasts)
 T - a wand of mindburst (6)
   (You found it on level 9 of the Dungeon)
 W - a wand of charming (2)
   (You found it on level 2 of the Lair of Beasts)
 Y - a wand of acid (13)
   (You found it on level 3 of the Lair of Beasts)
Scrolls
 d - a scroll of magic mapping {!r}
 i - a scroll of silence {!r}
 k - 4 scrolls of immolation {!r!r}
 r - 3 scrolls of fog
 s - a scroll of fear
 B - 3 scrolls of noise {unknown}
 C - 5 scrolls of summoning
 F - a scroll of holy word {unknown}
 G - a scroll of vulnerability {unknown}
 H - a scroll of brand weapon
 J - 3 scrolls of enchant weapon
 S - 2 scrolls of torment {!r}
 X - 6 scrolls of teleportation {@r4}
Potions
 e - 10 potions of brilliance
 m - 2 potions of resistance {unknown}
 o - 2 potions of berserk rage {unknown}
 q - 4 potions of cancellation
 t - a potion of invisibility {unknown}
 u - 3 potions of magic {unknown}
 v - 12 potions of curing {@q1}
 I - a potion of degeneration {unknown}
 O - 2 potions of lignification {unknown}
 R - 3 potions of haste {unknown}
 V - 3 potions of flight {unknown}
Miscellaneous
 f - a condenser vane (inert)
   (You found it on level 9 of the Dungeon)
 j - a box of beasts
   (You found it on level 4 of the Lair of Beasts)
 L - a phantom mirror
   (You found it on level 6 of the Lair of Beasts)
 U - a lightning rod (4/4)
   (You found it on level 2 of the Lair of Beasts)

Dungeon Overview and Level Annotations

Branches:
Dungeon (9/15)             Temple (1/1) D:4            Lair (6/6) D:8
 Shoals (0/4) Lair:4        Snake (0/4) Lair:4        Slime (0/5) Lair:6
    Orc (2/2) D:9          Bailey (visited)
    Elf: Orc:2

Altars:
Ashenzari
Cheibriados
Elyvilon
Fedhas
Gozag
Hepliaklqana
Kikubaaqudgha
Makhleb
Nemelex Xobeh
Okawaru
Qazlal
Ru
Sif Muna
Trog
Uskayaw
Wu Jian
Xom
Yredelemnul
The Shining One
Jiyva
Lugonu

Shops:
D:6 (   Orc:2 :   Lair:4 =[

Portals:
Abyss: Lair:6

Annotations:
D:2 1 runed translucent door, Crazy Yiuf
D:4 2 runed translucent doors, Golfball's ghost, amateur GrFi

##.#.## #.....# ## ##....##
##.###......# .$# #....#.....o#
....# #.........## #. #....#
####........# ## ##.
#....###.##$$.....#####.## ..#.
#.........4o$..@...##....# ....
#..........o..$...##....####...
#.......#....o....#...####..##
#.............oo......$#.....##
#...........#o........$<$..$..##
##......o......o.......#$$.......
#.....o.........o.o..$.$$.......#
#.....oo.o...........$$.$........
...<..o#4o....o......$$..........


You could see 4 orc knights, an orc high priest (strong, unaware), a rust devil
(summoned, ally target), 2 orc warriors, an orc wizard (strong, invisible,
fleeing), 2 orcs and a friendly orc warrior (summoned).


Message History

The orc high priest is distracted by your dazzling golden aura.
The orc sorcerer hits your orc warrior with a +0 dagger!
The rust devil hits you!
* * * LOW HITPOINT WARNING * * *
The rust devil corrodes you!
Your ogre closely misses the orc warrior.
The orc sorcerer is distracted by your dazzling golden aura.
The orc knight misses you.
The orc warrior hits your ogre with a +0 hand axe!!
Your ogre dies!
Your ogre's corpse dissolves into shadows!
The orc warrior hits your orc wizard with a +0 hand axe!
Your orc wizard dies!
Your orc wizard's corpse dissolves into shadows!
The orc warrior hits your orc warrior with a +0 hand axe.
The orc sorcerer hits you with a +0 dagger.
* * * LOW HITPOINT WARNING * * *
The orc knight hits you from afar with a +3 bardiche!!
* * * LOW HITPOINT WARNING * * *
The red devil closely misses you.
An orc wizard comes into view. It is wielding a +0 dagger.
Your orc warrior hits the orc sorcerer but does no damage.
Your orc warrior hits the orc with a +0 short sword.
An orc priest comes into view. It is wielding a +0 dagger.
The orc hits your orc warrior but does no damage.
The orc closely misses your orc.
The orc sorcerer casts a spell.
Send 'em back where they came from!
Your orc warrior shudders.
Your orc dissolves into shadows! x2
Your orc warrior dissolves into shadows!
You block the orc warrior's attack.
The rust devil is distracted by your dazzling golden aura.
The orc sorcerer shouts!
The rust devil screeches!
The orc high priest shouts! 😱 HP[-25] MP[-6]
You take 25 damage, and now have 8/75 hp.
MASSIVE DAMAGE!! (PAUSE)
You lost 6 mp, and now have 2/28 mp.
Read: 2 scrolls of fear
Press: ? - help, Q - select action, (/) - cycle Dir - look around, f - activate Look: a chaos spawn (summoned, chance to affect: 79%)
As you read the scroll of fear, it crumbles to dust.
You assume a fearsome visage.
The orc looks frightened! x3; The orc warrior looks frightened! x2
The orc looks frightened!
The orc warrior looks frightened! x2; The orc sorcerer looks frightened!
The orc warrior looks frightened!
The red devil looks frightened!
The orc priest looks frightened!
The orc knight resists with some effort.
The orc high priest looks frightened!
The orc high priest resists with some effort.
The orc wizard looks frightened!
The orc knight looks frightened! x2
The orc wizard looks frightened!
The orc wizard looks frightened!
The orc sorcerer looks frightened!
The orc priest looks frightened!
The chaos spawn looks frightened!
The orc knight looks frightened!
The orc sorcerer looks frightened!
The rust devil resists with some effort.
The orc no longer looks unusually strong.
The orc high priest is no longer distracted by gold.
The orc knight no longer looks unusually strong. x2
The orc sorcerer is no longer distracted by gold.
Your orc warrior hits the orc with a +0 short sword.
The orc dies!
The orc wizard casts a spell.
The orc wizard flickers and vanishes for a moment.
The orc wizard gestures wildly while chanting.
The orc wizard flickers and vanishes for a moment. 😱 HP[+2]
You regained 2 hp, and now have 10/75 hp. [a] - 312 gold - heal wounds and magic [b] - 300 gold - haste [c] - 220 gold - curing and magic Purchase which effect?
You feel yourself speed up.
The sentinel's mark upon you fades away.
The rust devil is no longer distracted by gold.
The orc high priest closely misses you. You block the orc knight's attack.
The orc is distracted by your dazzling golden aura.
An orc comes into view. It is wielding a +0 falchion.
The orc knight is distracted by your dazzling golden aura.
The rust devil hits you. 😱 HP[+2]
You regained 2 hp, and now have 12/75 hp.
The orc high priest calls upon Beogh to heal the orc sorcerer.
The orc sorcerer's wounds heal themselves!
The orc knight hits you but does no damage.
The orc shouts!
The orc knight shouts! 😱 HP[+1]
The rust devil is distracted by your dazzling golden aura. 😱 HP[+1]
Your orc warrior hits the rust devil with a +0 short sword!
The rust devil is no longer distracted by gold. 😱 HP[+1]
The orc warrior no longer looks unusually strong.
The orc knight is no longer distracted by gold.
The rust devil completely misses your orc warrior.
The orc high priest is distracted by your dazzling golden aura.
The orc knight hits you from afar with a +3 bardiche!!!
You die...
Your body crumbles into a pile of gold.

Skill      XL: |  1  2  3  4  5  6  7  8  9 10 11 12 13 14 15 |
---------------+----------------------------------------------+-----
Axes           | 2 |  2.0
Shields        | 3 4 |  4.0
Spellcasting   | 2 3 4 5 6 7 8 |  8.1
Fighting       | 3 4 5 6 7 8 |  8.3
Armour         | 3 4 5 6 |  6.5
Transmutations | 2 4 7 9 11 13 | 13.9
Dodging        | 2 3 4 5 7 9 10 11 | 11.4
Earth Magic    | 7 9 11 | 11.4
Conjurations   | 1 6 8 |  8.2
Evocations     | |  0.2

Action                   |  1- 3 |  4- 6 |  7- 9 | 10-12 | 13-15 || total
-------------------------+-------+-------+-------+-------+-------++-------
Melee: War axe           |    31 |       |       |       |       ||    31
       Bite              |    22 |    16 |   105 |   174 |   396 ||   713
       Short sword       |    54 |    77 |   334 |   202 |       ||   667
       Broad axe         |       |       |       |   273 |   831 ||  1104
       Trident           |       |       |       |    28 |   117 ||   145
Throw: Throwing net      |       |       |       |     1 |       ||     1
       Dart              |       |       |       |       |     2 ||     2
Invok: Call Merchant     |       |       |       |       |     2 ||     2
       Potion Petition   |       |       |       |       |     1 ||     1
Evoke: Wand              |       |       |     8 |    13 |     5 ||    26
       Condenser vane    |       |       |       |       |     1 ||     1
  Use: Potion            |       |     1 |     1 |     1 |       ||     3
       Scroll            |       |       |     9 |     6 |    14 ||    29
 Stab: Distracted        |       |       |       |     1 |     9 ||    10
Armor: Scale mail        |    55 |    22 |    22 |       |    30 ||   129
       Chain mail        |       |       |   184 |   340 |   830 ||  1354
Dodge: Dodged            |    44 |    16 |   111 |   289 |   798 ||  1258
Block: Buckler           |    36 |    15 |   120 |   242 |   564 ||   977
       Reflection        |     1 |       |       |       |       ||     1

Levels and vault maps discovered:
D:1:      sevenhm_arrival_forest_fort_small_4, layout_loops_cross, minivault_24,
          minmay_surrounded
D:2:      layout_loops_ring, minmay_misc_feat_ornament, st_stairs_7,
          kennysheep_minor_cross, uniq_crazy_yiuf_cottage
D:3:      layout_loops_ring, gammafunk_ghost_split, grunt_decor_arrowhead,
          roderic_lattice_a, uniq_ijyb, uniq_grinder, uniq_natasha
D:4:      layout_rooms, kennysheep_slug_shrine, overflow_temple_1_default,
          kennysheep_mini, minmay_temple_entry_mist, ebering_ghost_disaster_area
D:5:      layout_basic, serial_bayou_lagoon_b, uniq_pikel
D:6:      minmay_opposing_rooms, layout_gridville, serial_shops,
          nicolae_square_shop, kennysheep_generic_room_8
D:7:      minmay_clustersquares, layout_gridville, overflow_temple_1_default,
          enter_bailey_3, minivault_5, uniq_duvessa
D:8:      layout_layer_cave, mainiacjoe_overflow_tiny_flanked,
          overflow_temple_1_default, nicolae_overflow_crystal_walls,
          general_overflow_altar, lair_entry_dummy,
          ebering_dispersal_statue_hall, uniq_psyche
D:9:      kennysheep_kobold_camp, layout_loops_ring, okawaru_humans, david_orc_4
Temple:   eino_wide_crystal_templ
Lair:1:   layout_small_grid, grunt_megastairs_5
Lair:2:   layout_loops_ring, serial_bayou_shore_b, grunt_megastairs_3
Lair:3:   layout_cave_pods
Lair:4:   layout_concentric_octagons, elwin_shoals_entry_rocks,
          guppyfry_snake_entry_garden
Lair:5:   beast_lair_carwin_large_3, layout_cave_pods
Lair:6:   hellmonk_lair_end_abyssal_woods, layout_layer_cave,
          dpeg_slime_entry_enclosed_altar
Orc:1:    layout_caves, basic_altar, serial_shops, shop, nicolae_orc_tapped_out
Orc:2:    grunt_orc_tribal_feast, layout_caves, serial_shops, nicolae_shop_trees

Notes
Turn   | Place    | Note
-------+----------+-------------------------------------------
     0 | D:1      | GrayStillPlays the Vine Stalker Fighter began the quest for
                  | the Orb.
     0 | D:1      | Reached XP level 1. HP: 11/11 MP: 2/2
     0 | D:1      | magus.rc [v1.9.6]
   358 | D:1      | Reached XP level 2. HP: 16/16 MP: 3/3
   375 | D:1      | Reached skill level 2 in Axes
   701 | D:1      | Reached XP level 3. HP: 16/19 MP: 5/5
   703 | D:1      | Reached skill level 3 in Shields
   703 | D:1      | Reached skill level 1 in Spellcasting
   707 | D:1      | Reached skill level 3 in Fighting
  1258 | D:2      | Noticed a black bear
  1275 | D:2      | Killed a black bear
  1276 | D:2      | Reached skill level 3 in Armour
  1276 | D:2      | Reached skill level 2 in Spellcasting
  1276 | D:2      | Gained mutation: Your natural rate of healing is unusually
                  | fast. [Vine Stalker growth]
  1276 | D:2      | Reached XP level 4. HP: 24/24 MP: 5/8
  1276 | D:2      | Reached XP level 5. HP: 28/28 MP: 5/9
  1801 | D:2      | Found a runed translucent door.
  1802 | D:2      | Noticed Crazy Yiuf
  1870 | D:2      | You pick up a book of Armaments and begin reading...
  1870 | D:2      | You add the spells Stone Arrow, Animate Armour and
                  | Lehudib's Crystal Spear to your library.
  2207 | D:3      | Noticed pigah's ghost (amateur OpAE)
  2210 | D:3      | Found a runed translucent gate.
  2210 | D:3      | Found a runed translucent gate.
  2210 | D:3      | Found a runed translucent gate.
  2254 | D:3      | Noticed Grinder
  2280 | D:3      | Paralysed by Grinder for 5 turns
  2283 | D:3      | HP: 4/28 [Grinder/nerve-wracking pain (8)]
  2300 | D:3      | Paralysed by Grinder for 7 turns
  2319 | D:3      | Killed Grinder
  2320 | D:3      | Reached skill level 4 in Fighting
  2320 | D:3      | Reached skill level 4 in Shields
  2320 | D:3      | Reached XP level 6. HP: 31/33 MP: 5/11
  2398 | D:3      | Noticed Natasha
  2426 | D:3      | Reached skill level 3 in Spellcasting
  2430 | D:3      | Killed Natasha
  2453 | D:3      | Reached XP level 7. HP: 37/37 MP: 12/12
  2942 | D:3      | Noticed Ijyb
  2948 | D:3      | Killed Ijyb
  2949 | D:3      | Reached skill level 4 in Armour
  2964 | D:3      | Noticed Natasha
  2968 | D:3      | Killed Natasha
  2986 | D:3      | Noticed Natasha
  2990 | D:3      | Killed Natasha
  3262 | D:3      | Killed pigah's ghost
  3263 | D:3      | Reached skill level 4 in Spellcasting
  3353 | D:5      | Entered Level 5 of the Dungeon
  3622 | D:4      | Found a snail-covered altar of Cheibriados.
  3672 | D:4      | Found a broken altar of Ashenzari.
  3709 | D:4      | Found a staircase to the Ecumenical Temple.
  3788 | Temple   | Entered the Ecumenical Temple
  3941 | D:4      | Found a large runed translucent door.
  3941 | D:4      | Found a large runed translucent door.
  3943 | D:4      | Noticed Golfball's ghost (amateur GrFi)
  3970 | D:4      | Reached skill level 5 in Fighting
  3975 | D:4      | Gained mutation: You have razor-sharp teeth. [Vine Stalker
                  | growth]
  3975 | D:4      | Reached XP level 8. HP: 43/43 MP: 13/15
  4001 | D:4      | Reached skill level 1 in Transmutations
  4071 | D:4      | Found a stormy altar of Qazlal.
  4284 | D:5      | Noticed Pikel
  4362 | D:5      | Killed Pikel
  4363 | D:5      | Reached skill level 5 in Armour
  4363 | D:5      | Reached skill level 1 in Dodging
  4363 | D:5      | Reached skill level 5 in Spellcasting
  4363 | D:5      | Reached skill level 2 in Transmutations
  4524 | D:5      | Reached skill level 2 in Dodging
  4765 | D:5      | Reached XP level 9. HP: 46/48 MP: 14/17
  4959 | D:6      | Reached skill level 3 in Transmutations
  5035 | D:6      | Found Daqut's Weapon Emporium.
  5300 | D:6      | Noticed a two-headed ogre
  5363 | D:6      | Killed a two-headed ogre
  5364 | D:6      | Reached skill level 6 in Fighting
  5364 | D:6      | Reached skill level 3 in Dodging
  5538 | D:6      | Reached skill level 4 in Transmutations
  5547 | D:6      | Reached skill level 6 in Spellcasting
  5642 | D:6      | Noticed a manticore
  5676 | D:6      | Killed a manticore
  5677 | D:6      | Reached skill level 6 in Armour
  5881 | D:7      | Reached XP level 10. HP: 50/53 MP: 18/20
  5945 | D:7      | Found an opulent altar of Gozag.
  5953 | D:7      | Became a worshipper of Gozag Ym Sagoz the Greedy
  6027 | D:7      | Found a flagged portal.
  6046 | Bailey   | Entered a bailey
  6074 | Bailey   | Reached skill level 4 in Dodging
  6131 | Bailey   | Reached skill level 5 in Transmutations
  6146 | Bailey   | Noticed an orc knight
  6412 | Bailey   | HP: 10/53 [orc knight (16)]
  6514 | Bailey   | Killed an orc knight
  6515 | Bailey   | Reached skill level 7 in Fighting
  6791 | Bailey   | Reached skill level 7 in Spellcasting
  6995 | Bailey   | Acquired 931 gold pieces
  7014 | Bailey   | Reached skill level 7 in Transmutations
  7014 | Bailey   | Reached skill level 7 in Earth Magic
  7014 | Bailey   | Reached XP level 11. HP: 58/58 MP: 22/22
  7366 | D:7      | Noticed Dowan
  7368 | D:7      | Noticed Duvessa
  7417 | D:7      | Killed Duvessa
  7430 | D:7      | Killed Dowan
  7761 | D:7      | Noticed a manticore
  7859 | D:7      | Killed a manticore
  7922 | D:7      | Identified the +11 broad axe "Yloewet" {vorpal, *Corrode
                  | Fly rPois Str+4}
  8432 | D:8      | Noticed Psyche
  8439 | D:8      | Killed Psyche
  8517 | D:8      | Found a hide-covered altar of Uskayaw.
  8577 | D:8      | Reached skill level 5 in Dodging
  8732 | D:8      | Found an ancient bone altar of Kikubaaqudgha.
  8733 | D:8      | Found a staircase to the Lair.
  9116 | D:8      | Found an ornate altar of the Wu Jian Council.
  9262 | D:8      | Found a blossoming altar of Fedhas.
  9684 | Lair:1   | Entered Level 1 of the Lair of Beasts
  9902 | Lair:1   | Reached skill level 8 in Fighting
  9902 | Lair:1   | Reached skill level 8 in Spellcasting
  9932 | Lair:1   | Reached XP level 12. HP: 63/64 MP: 19/25
 10261 | Lair:1   | Reached skill level 8 in Transmutations
 10261 | Lair:1   | Reached skill level 8 in Earth Magic
 10328 | Lair:1   | Noticed a four-headed hydra
 10362 | Lair:1   | Killed a four-headed hydra
 11042 | Lair:1   | You pick up a book of Callings and begin reading...
 11042 | Lair:1   | You add the spells Summon Small Mammal, Call Canine
                  | Familiar and Summon Guardian Golem to your library.
 11552 | Lair:2   | Reached skill level 6 in Dodging
 12071 | Lair:2   | Reached skill level 9 in Earth Magic
 12658 | Lair:3   | Reached skill level 9 in Transmutations
 12708 | Lair:3   | Identified the +2 hand axe "Jajoz" {spect, rC- Int+8 SInv
                  | Stlth+}
 12918 | Lair:3   | Noticed a seven-headed hydra
 12951 | Lair:3   | Killed a seven-headed hydra
 13032 | Lair:3   | Reached skill level 7 in Dodging
 13474 | Lair:3   | Reached XP level 13. HP: 46/68 MP: 16/26
 14070 | Lair:4   | Reached skill level 10 in Earth Magic
 14139 | Lair:4   | Reached skill level 10 in Transmutations
 14235 | Lair:4   | Found a staircase to the Snake Pit.
 14630 | Lair:4   | Reached skill level 8 in Dodging
 14650 | Lair:4   | Found a staircase to the Shoals.
 15819 | Lair:4   | Bought a pair of steaming boots for 351 gold pieces
 15819 | Lair:4   | Identified the +0 pair of boots "Maor" {rElec Dex+2} (You
                  | bought it in a shop on level 4 of the Lair of Beasts)
 16038 | Lair:5   | Reached skill level 11 in Earth Magic
 16065 | Lair:5   | Acquired the +12 broad axe of Division {vorpal, rElec
                  | Will+}
 16174 | Lair:5   | Reached skill level 11 in Transmutations
 16194 | Lair:5   | You pick up a book of Weapons and begin reading...
 16194 | Lair:5   | You add the spells Portal Projectile, Excruciating Wounds
                  | and Blade Hands to your library.
 16670 | Lair:4   | Reached skill level 9 in Dodging
 16711 | Lair:4   | Reached skill level 1 in Conjurations
 16711 | Lair:4   | Reached XP level 14. HP: 66/73 MP: 23/27
 16897 | Lair:5   | Reached skill level 2 in Conjurations
 17187 | Lair:5   | Noticed a dire elephant
 17216 | Lair:4   | Killed a dire elephant
 17217 | Lair:4   | Reached skill level 3 in Conjurations
 17491 | Lair:5   | Reached skill level 12 in Transmutations
 17751 | Lair:6   | Entered Level 6 of the Lair of Beasts
 18329 | Lair:5   | Reached skill level 4 in Conjurations
 18844 | Lair:6   | Reached skill level 10 in Dodging
 18956 | Lair:5   | Reached skill level 5 in Conjurations
 19591 | Lair:6   | Reached skill level 6 in Conjurations
 19870 | Lair:6   | HP: 10/73 [death yak (13)]
 19877 | Lair:6   | HP: 4/73 [death yak (19)]
 19917 | Lair:6   | Reached skill level 13 in Transmutations
 19930 | Lair:6   | Reached XP level 15. HP: 56/77 MP: 23/28
 19984 | Lair:6   | Found a viscous altar of Jiyva.
 19984 | Lair:6   | Found a staircase to the Slime Pits.
 20410 | Lair:6   | Reached skill level 7 in Conjurations
 20668 | Lair:6   | Reached skill level 11 in Dodging
 21522 | Lair:6   | Found a corrupted altar of Lugonu.
 21522 | Lair:6   | Found a one-way gate to the infinite horrors of the Abyss.
 22216 | Lair:6   | magus.rc [v1.9.6]
 22581 | D:9      | Found an iron altar of Okawaru.
 22843 | D:9      | Reached skill level 8 in Conjurations
 22857 | D:9      | Identified the +3 scale mail of Calculation {rF++ rC+ rCorr
                  | SInv}
 22891 | D:9      | Found a staircase to the Orcish Mines.
 23268 | D:9      | magus.rc [v1.9.6]
 23272 | D:9      | magus.rc [v1.9.6]
 23650 | Orc:1    | Entered Level 1 of the Orcish Mines
 23827 | Orc:2    | Entered Level 2 of the Orcish Mines
 23907 | Orc:2    | Found Weompum's Book Emporium.
 23959 | Orc:2    | HP: 8/75 [orc knight (20)]
 23965 | Orc:2    | Demolished by an orc knight

Vanquished Creatures
  A dire elephant (Lair:4)
  An ettin (Orc:2)
  13 hydras
  2 two-headed ogres
  A catoblepas (Lair:6)
  16 death yaks
  2 thrashing horrors (Lair:6)
  A fire crab (Lair:5)
  A steelbarb worm (shapeshifter) (Lair:6)
  A lindwurm (Lair:5)
  Pikel (D:5)
  2 ugly things (Lair:6)
  An orc knight (Bailey)
  2 manticores
  22 elephants
  5 black mambas
  A smoke demon (Lair:6)
  Psyche (D:8)
  3 rime drakes
  11 cane toads
  9 komodo dragons
  2 ancient zymes (Lair:6)
  2 trolls
  A merfolk (shapeshifter) (Lair:6)
  Grinder (D:3)
  A hornet (D:9)
  A polar bear (Lair:5)
  31 blink frogs
  15 dream sheep
  A large abomination (Lair:6)
  2 spriggans (Lair:6)
  5 basilisks
  2 wyverns
  2 ynoxinuls (Lair:6)
  76 yaks
  2 humans (D:9)
  2 chaos spawn (Lair:6)
  A steam dragon (Lair:3)
  A naga (Lair:4)
  Duvessa (D:7)
  9 water moccasins
  3 black bears
  24 orc warriors
  3 sky beasts
  A black bear (shapeshifter) (Lair:6)
  2 necrophages
  2 ogres (Orc:2)
  17 wolves
  2 centaurs
  2 lemures (D:5)
  A phantom (D:7)
  The ghost of pigah the Gusty, an amateur OpAE (D:3)
  2 kobold brigands
  14 bullfrogs
  A scorpion (D:7)
  Dowan (D:7)
  5 wights
  3 killer bees (D:8)
  3 howler monkeys (D:8)
  3 centaur zombies
  10 small abominations (Lair:6)
  A bullfrog zombie (D:6)
  3 jellies
  A bullfrog skeleton (D:7)
  A gnoll shaman (D:6)
  4 hounds
  11 orc priests
  2 iguanas
  Ijyb (D:3)
  14 orc wizards
  Natasha (thrice) (D:3)
  A howler monkey zombie (D:6)
  7 gnolls (D:3)
  10 adders
  A white imp (D:6)
  2 ufetubi
  An adder skeleton (D:4)
  2 worms
  A dart slug (D:4)
  62 orcs
  6 ball pythons
  3 bats
  8 endoplasms
  3 giant cockroaches
  13 goblins
  7 hobgoblins
  3 jackals (D:1)
  11 quokkas
  5 frilled lizards
  32 kobolds
  5 rats
579 creatures vanquished.

Vanquished Creatures (collateral kills)
  An orc wizard (Orc:2)
  An orc (Orc:2)
2 creatures vanquished.

Vanquished Creatures (others)
  2 bushes
  84 fungi
  102 plants
188 creatures vanquished.

Grand Total: 769 creatures vanquished

Table legend:
 A = Non-vault XP
 B = Vault XP
 C = Vault XP percentage of total XP
 D = Non-vault monster count
 E = Vault monster count
 F = Vault count percentage of total count
                 A         B        C        D         E       F
            +---------+---------+-------+---------+---------+-------
      Total |   77609 |   28234 |  26.7 |     401 |     178 |  30.7
            +---------+---------+-------+---------+---------+-------
        D:1 |      40 |       7 |  14.9 |      23 |       4 |  14.8
        D:2 |     180 |       3 |   1.6 |      20 |       2 |   9.1
        D:3 |     297 |     469 |  61.2 |      26 |       6 |  18.8
        D:4 |     401 |       4 |   1.0 |      23 |       1 |   4.2
        D:5 |     393 |     629 |  61.5 |      11 |       1 |   8.3
        D:6 |     304 |    1883 |  86.1 |      10 |      11 |  52.4
        D:7 |     408 |    1242 |  75.3 |       7 |      15 |  68.2
        D:8 |    1659 |     383 |  18.8 |      17 |       1 |   5.6
        D:9 |    2010 |    1131 |  36.0 |      13 |      39 |  75.0
     Lair:1 |    2660 |    1023 |  27.8 |      10 |       3 |  23.1
     Lair:2 |    4565 |    1061 |  18.9 |      21 |       4 |  16.0
     Lair:3 |    6839 |     264 |   3.7 |      29 |       1 |   3.3
     Lair:4 |   15401 |    1621 |   9.5 |      38 |       3 |   7.3
     Lair:5 |   22283 |    4724 |  17.5 |      58 |      10 |  14.7
     Lair:6 |   16059 |   11735 |  42.2 |      48 |      44 |  47.8
      Orc:1 |    1215 |       0 |   0.0 |       9 |       0 |   0.0
      Orc:2 |    2895 |     251 |   8.0 |      38 |       5 |  11.6
     Bailey |       0 |    1804 | 100.0 |       0 |      28 | 100.0
            +---------+---------+-------+---------+---------+-------

Illustrated notes

Table legend:
 A = Kills in this place as a percentage of kills in entire the game.
 B = Kills by you in this place as a percentage of kills by you in the entire game.
 C = Kills by friends in this place as a percentage of kills by friends in the entire game.
 D = Other kills in this place as a percentage of other kills in the entire game.
 E = Experience gained in this place as a percentage of experience gained in the entire game.
 F = Experience gained in this place divided by the number of levels of this place that you have seen.
                   A       B       C       D       E      F
               +-------+-------+-------+-------+-------+----------------------
         Total | 100.0 | 100.0 | 100.0 |   N/A | 100.0 | 5570.7
       Dungeon |  39.7 |  39.9 |   0.0 |   N/A |  10.8 | 1271.4
          Lair |  46.5 |  46.6 |   0.0 |   N/A |  83.4 | 14705.8
  Orcish Mines |   9.0 |   8.7 | 100.0 |   N/A |   4.1 | 2180.5
        Bailey |   4.8 |   4.9 |   0.0 |   N/A |   1.7 | 1804.0
               +-------+-------+-------+-------+-------+----------------------

Table legend: (Time is in decaauts)
 A = Elapsed time spent in this place.
 B = Non-inter-level travel time spent in this place.
 C = Inter-level travel time spent in this place.
 D = Time resting spent in this place.
 E = Time spent auto-exploring this place.
 F = Levels seen in this place.
 G = Mean time per level.
                   A        B        C        D        E       F      G
               +--------+--------+--------+--------+--------+-----+--------+
         Total |  24742 |  23190 |   1552 |    781 |  14826 |  19 | 1302.2 |
       Dungeon |  10068 |   9585 |    483 |    151 |   7119 |   9 | 1118.7 |
        Temple |    110 |     44 |     66 |      0 |     36 |   1 |  110.0 |
          Lair |  13195 |  12207 |    988 |    463 |   7473 |   6 | 2199.2 |
  Orcish Mines |    345 |    330 |     15 |      0 |     86 |   2 |  172.5 |
        Bailey |   1022 |   1022 |      0 |    167 |    112 |   1 | 1022.0 |
               +--------+--------+--------+--------+--------+-----+--------+

Top non-repeatable levels by time:
  Lair:6: 3328 daAuts
  Lair:5: 3196 daAuts
  Lair:4: 2060 daAuts
  Lair:1: 1857 daAuts
  Lair:3: 1542 daAuts
     D:8: 1490 daAuts
     D:7: 1418 daAuts
     D:9: 1323 daAuts
     D:3: 1273 daAuts
  Lair:2: 1209 daAuts
     D:1: 1144 daAuts
  Bailey: 1022 daAuts
     D:6: 979 daAuts
     D:2: 972 daAuts
     D:5: 773 daAuts
